 Dungeon Crawl Stone Soup version 0.30-a0-964-gd452b5e7fa (webtiles) character file.

Game seed: 1043439446131200209

4 vishdafish the Conjurer (level 1, -1/13 HPs)
             Began as a Demonspawn Conjurer on Mar 30, 2023.
             Slain by a quokka (4 damage)
             ... on level 1 of the Dungeon.
             The game lasted 00:00:46 (104 turns).

vishdafish the Conjurer (Demonspawn Conjurer)        Turns: 104, Time: 00:00:47

Health: -1/13      AC:  2    Str:  7    XL:     1   Next: 50%
Magic:  2/3        EV: 12    Int: 19    God:
Gold:   0          SH:  0    Dex: 11    Spells: 3/4 levels left

rFire   . . .      SeeInvis .    (no weapon)
rCold   . . .      Faith    .    (no shield)
rNeg    . . .      Spirit   .    a - +0 robe
rPois   .          Reflect  .    (no helmet)
rElec   .          Rampage  .    (no cloak)
rCorr   .                        (no gloves)
Will    .....                    (no boots)
Stlth   ++                       (no amulet)
HPRegen 0.22/turn                (no ring)
MPRegen 0.08/turn                (no ring)

@: no status effects
A: no striking features
a: no special abilities


You were on level 1 of the Dungeon.
You visited 1 branch of the dungeon, and saw 1 of its levels.

Inventory:

Hand Weapons
 b - a +0 whip
Armour
 a - a +0 robe (worn)


   Skills:
 - Level 1.7 Dodging
 - Level 1.7 Stealth
 + Level 2.1 Spellcasting
 + Level 4.1 Conjurations


You had 3 spell levels left.
You knew the following spells:

 Your Spells              Type           Power      Damage    Failure   Level
a - Magic Dart            Conj           68%        1d6       3%          1

Your spell library contained the following spells:

 Spells                   Type           Power      Damage    Failure   Level
 Searing Ray              Conj           34%        2d5       4%          2
 Dazzling Flash           Conj/Hex       18%        N/A       22%         3
 Fulminant Prism          Conj/Hex       4%         3d5       56%         4
 Iskenderun's Mystic Bla  Conj/Tloc      9%         2d4       56%         4


Dungeon Overview and Level Annotations

Branches:
Dungeon (1/15)

Altars:


Message History

A frilled lizard comes into view.
The frilled lizard hisses angrily.
The jackal barely misses you.
You see here a ring of protection from cold.
Found 26 gold pieces.
The jackal barely misses you. The jackal barely misses you.
The jackal bites you. The jackal barely misses you.
Aiming: Magic Dart (safe; 3% risk of failure)
Press: ? - help, Q - select action Shift-Dir - straight line, f - jackal
Aim: a jackal (100% to hit)
The magic dart hits the jackal.
You kill the jackal!
You aren't carrying any potions.
Unknown command.
As you read the scroll labelled UROUNU DOAS, it crumbles to dust.
It is a scroll of identify.
You don't currently have any unidentified items.
The quokka bites you. The quokka bites you.
The quokka twitches its whiskers.
The quokka closely misses you.
A hobgoblin comes into view.
Found 16 gold pieces.
The quokka barely misses you.
You see here a +0 whip.
b - a +0 whip The quokka closely misses you.
A ball python comes into view.
The ball python moves out of view.
The quokka misses you. The quokka attacks as you move away!
The quokka bites you.
The frilled lizard unfolds its giant frill.
The ball python hisses angrily.
The quokka attacks as you move away!
The quokka bites you but does no damage.
The hobgoblin barely misses you. The quokka bites you.
* * * LOW HITPOINT WARNING * * *
The quokka attacks as you move away! The quokka bites you.
You die...

#......##....###†###..
#.........###.##.##.#
#..........###.#.#.#
####..#.....###.#.#
#.####..#.#......#<#..
#.......#.#...###.#.###
###.......#..###.#.#.#
#...##.#....###.##.##.#
#.## #.#.#..lr@## .#
#.. $..###.#l#S.†g.# ..
... ........#.###.# ..
.## ........g.# #...
... # ......$.###
######## ........#
........# .....#.##
..##...


You could see a quokka, a hobgoblin, a goblin, a ball python and a frilled
lizard.

Vanquished Creatures
  3 jackals (D:1)
3 creatures vanquished.

Notes
Turn   | Place    | Note
-------+----------+-------------------------------------------
     0 | D:1      | vishdafish the Demonspawn Conjurer began the quest for the
                  | Orb.
     0 | D:1      | Reached XP level 1. HP: 13/13 MP: 3/3
   104 | D:1      | Slain by a quokka

Illustrated notes

Levels and vault maps discovered:
D:1:      roderic_crossed_star, layout_rooms, st_stairs_1

Action                     || total
---------------------------++-------
   Cast: Magic Dart        ||    11
    Use: Scroll            ||     1
         Potion            ||     1
 Armour: Robe              ||     2
  Dodge: Dodged            ||    14

Table legend: (Time is in decaauts)
 A = Elapsed time spent in this place.
 B = Non-inter-level travel time spent in this place.
 C = Inter-level travel time spent in this place.
 D = Time resting spent in this place.
 E = Time spent auto-exploring this place.
 F = Levels seen in this place.
 G = Mean time per level.
                   A        B        C        D        E       F      G
               +--------+--------+--------+--------+--------+-----+--------+
         Total |    104 |    104 |      0 |      0 |     41 |   1 |  104.0 |
       Dungeon |    104 |    104 |      0 |      0 |     41 |   1 |  104.0 |
               +--------+--------+--------+--------+--------+-----+--------+

Top non-repeatable levels by time:
     D:1: 104 daAuts
